 Dungeon Crawl Stone Soup version 0.30-a0-1042-gacf32f4bd3 (webtiles) character file.

Game seed: 13146988260571708979

3507 Grim the Cleaver (level 10, -3/77 HPs)
             Began as a Formicid Fighter on Apr 9, 2023.
             Was a Priest of the Shining One.
             Slain by an orc knight
             ... wielding a +0 war axe
              (14 damage)
             ... in a bailey.
             The game lasted 00:12:13 (7850 turns).

Grim the Cleaver (Formicid Fighter)                 Turns: 7850, Time: 00:12:14

Health: -3/77      AC: 10    Str: 26    XL:     10   Next: 28%
Magic:  13/13      EV:  7    Int:  7    God:    the Shining One [***...]
Gold:   294        SH: 11    Dex: 19    Spells: 9/9 levels left

rFire   . . .      SeeInvis +    a - +0 war axe
rCold   . . .      Faith    .    p - +0 kite shield
rNeg    + . .      Spirit   .    A - +0 chain mail
rPois   .          Reflect  .    (helmet unavailable)
rElec   .          Rampage  .    (no cloak)
rCorr   .                        (no gloves)
Will    +....                    e - +0 pair of boots Stlth
                                 (no amulet)
HPRegen 0.32/turn                s - +6 ring of dexterity
MPRegen 0.13/turn                (no ring)

@: glowing
A: permanent stasis, dig shafts and tunnels, antennae 3, four strong arms
a: Dig, Renounce Religion, Divine Shield, Cleansing Flame


You were in a bailey.
You worshipped the Shining One.
The Shining One was most pleased with you.
You visited 2 branches of the dungeon, and saw 9 of its levels.
You also visited: Ossuary and Bailey.

You collected 294 gold pieces.

Inventory:

Hand Weapons
 a - a +0 war axe (weapon)
 B - a +0 battleaxe
 G - a +0 broad axe
Armour
 b - a +0 scale mail
 c - the +3 ring mail "Fograr" {Drain rElec rCorr Str+2}
   (You found it on level 2 of the Dungeon)

   Str:       It affects your strength (+2).
   rElec:     It insulates you from electricity.
   rCorr:     It protects you from acid and corrosion.
   Drain:     It drains your maximum health when unequipped.
 e - a +0 pair of boots (worn)
 p - a +0 kite shield (worn)
 A - a +0 chain mail (worn)
Jewellery
 s - a +6 ring of dexterity (left hand)
 z - a ring of wizardry
Wands
 y - a wand of mindburst (10)
Scrolls
 d - a scroll of enchant armour
 i - 2 scrolls of poison {unknown}
 j - a scroll of fog
 k - 2 scrolls of enchant weapon {unknown}
 l - a scroll of vulnerability {unknown}
 o - 3 scrolls of immolation {unknown}
 q - a scroll of teleportation
 r - 2 scrolls of magic mapping {unknown}
 w - a scroll of torment {unknown}
 x - 2 scrolls of blinking {unknown}
 E - 2 scrolls of identify
 F - a scroll of summoning {unknown}
Potions
 f - a potion of invisibility
 g - 2 potions of flight
 h - 2 potions of magic
 m - 2 potions of brilliance
 n - a potion of haste
 t - a potion of degeneration {!q}
 u - 5 potions of curing
 v - 3 potions of cancellation
 C - 2 potions of berserk rage
 D - a potion of ambrosia {unknown}


   Skills:
 + Level 6.6 Fighting
 * Level 11.5 Axes
 + Level 3.7 Armour
 - Level 7.0 Shields
 - Level 5.0 Invocations


You had 9 spell levels left.
You didn't know any spells.
Your spell library contained the following spells:

 Spells                   Type           Power      Damage    Failure   Level
 Poisonous Vapours        Pois/Air       0%         N/A       100%        2
 Dazzling Flash           Conj/Hex       0%         N/A       100%        3
 Hailstorm                Conj/Ice       0%         3d3       100%        3
 Mephitic Cloud           Conj/Pois/Air  0%         N/A       100%        3
 Ice Form                 Ice/Tmut       0%         N/A       100%        4
 Agony                    Necr           0%         N/A       100%        5
 Freezing Cloud           Conj/Ice/Air   0%         6-21      100%        5
 Silence                  Hex/Air        0%         N/A       100%        5
 Simulacrum               Ice/Necr       0%         N/A       100%        6


Dungeon Overview and Level Annotations

Branches:
Dungeon (8/15)             Temple (1/1) D:5         Ossuary (visited)
 Bailey (1/1)
   Lair: D:8-11

Altars:
Cheibriados
Dithmenos
Elyvilon
Fedhas
Gozag
Hepliaklqana
Kikubaaqudgha
Makhleb
Nemelex Xobeh
Okawaru
Qazlal
Ru
Sif Muna
Trog
Uskayaw
Vehumet
Wu Jian
Xom
Yredelemnul
Zin
The Shining One

Shops:
D:7 (??=(   D:8 *

Annotations:
D:6 1 runed translucent door


Innate Abilities, Weirdness & Mutations

You cannot be hasted, slowed, berserked, paralysed or teleported.
You can dig through walls and to a lower floor.
You have a pair of large antennae on your head. (SInv)
Your four strong arms can wield two-handed weapons with a shield.


Message History

You slash the orc!
You kill the orc!
You block the orc knight's attack.
You barely miss the orc knight.
The orc knight is lightly wounded.
You block the orc knight's attack.
You slash the orc knight!
The orc knight is moderately wounded.
The orc knight hits you with a +0 war axe!
* * * LOW HITPOINT WARNING * * *
You hit the orc knight.
The orc knight is moderately wounded.
The orc knight hits you with a +0 war axe!
* * * LOW HITPOINT WARNING * * *
The orc knight barely misses you.
You are too injured to fight recklessly!
You are too injured to fight recklessly!
Unknown command.
Okay, then.
You slash the orc knight!
The orc knight is severely wounded.
The orc knight hits you with a +0 war axe!
* * * LOW HITPOINT WARNING * * *
Unknown command.
You hit the orc knight.
The orc knight is severely wounded.
The orc knight barely misses you.
Unknown command.
You hit the orc knight but do no damage.
The orc knight is severely wounded.
The orc knight hits you with a +0 war axe!
* * * LOW HITPOINT WARNING * * *
Unknown command.
It was a potion of berserk rage.
Your stasis prevents you from going berserk.
You block the orc knight's attack.
You hit the orc knight but do no damage.
The orc knight is severely wounded.
The orc knight hits you with a +0 war axe!
You die...

##......≈≈≈≈~.#.....# { ##
#......≈≈≈≈~.#''##### #.
######.≈≈≈≈~.#......# #?
#≈≈≈≈≈~.#...)..#
#≈≈≈≈≈######.).############
#≈≈≈≈≈#....#.8.8.8.')....#.
#≈≈≈≈≈#....#.......#)....'.
#≈≈≈≈≈# #o)###############.
#≈≈≈≈≈# #.@'.............'.
#≈≈≈≈≈# ####~~~~~~~~~~~~~##
≈≈≈≈≈≈≈≈≈≈≈≈≈≈≈≈≈≈≈
≈≈≈≈≈≈≈≈≈≈≈≈≈≈≈≈≈≈≈≈
≈≈≈≈≈≈≈≈≈≈≈≈≈≈≈≈≈≈≈≈≈
≈≈≈≈≈≈≈≈≈≈≈≈≈≈≈≈≈≈≈≈≈
≈≈≈≈≈≈≈≈≈≈≈≈≈≈≈≈≈≈≈≈≈
≈≈≈≈≈≈≈≈≈≈≈≈≈≈≈≈≈≈≈≈≈
≈≈≈≈≈≈≈≈≈≈


You could see an orc knight.

Vanquished Creatures
  Joseph (D:7)
  Grinder (D:4)
  Sigmund (D:3)
  An ice beast (D:6)
  4 orc warriors
  A black bear (D:4)
  An ogre (D:4)
  A sky beast (D:5)
  3 phantoms
  A kobold brigand (D:5)
  A bullfrog (D:7)
  An elf zombie (Ossuary)
  A scorpion (D:7)
  A howler monkey (D:4)
  3 electric eels (Bailey)
  A centaur zombie (Ossuary)
  2 human zombies (Ossuary)
  A gnoll bouda (D:5)
  3 orc priests
  5 hounds
  2 jellies (D:5)
  7 iguanas
  Natasha (thrice) (D:2)
  Terence (D:2)
  2 sleepcaps (D:3)
  14 orc wizards
  2 mummies (Ossuary)
  Robin (D:3)
  4 adders
  9 gnolls
  A white imp (D:8)
  An ufetubus (D:7)
  3 adder zombies (Ossuary)
  A worm (D:3)
  2 dart slugs (D:3)
  35 orcs
  9 ball pythons
  4 endoplasms
  5 giant cockroaches (D:2)
  20 goblins
  10 hobgoblins
  6 kobolds
  7 quokkas
  7 bats
  A goblin skeleton (D:6)
  A goblin zombie (D:6)
  10 hobgoblin zombies (Ossuary)
  A jackal zombie (Ossuary)
  7 kobold zombies (Ossuary)
  9 orc zombies (Ossuary)
  A rat (D:3)
  2 rat zombies (Ossuary)
222 creatures vanquished.

Notes
Turn   | Place    | Note
-------+----------+-------------------------------------------
     0 | D:1      | Grim the Formicid Fighter began the quest for the Orb.
     0 | D:1      | Reached XP level 1. HP: 18/18 MP: 1/1
   348 | D:1      | Found a faded altar of an unknown god.
   474 | D:1      | Reached XP level 2. HP: 24/24 MP: 2/2
   791 | D:2      | Reached skill level 3 in Axes
   792 | D:2      | Noticed Natasha
   801 | D:2      | Killed Natasha
   802 | D:2      | Reached XP level 3. HP: 11/29 MP: 3/3
  1039 | D:2      | Noticed Terence
  1051 | D:2      | Killed Terence
  1052 | D:2      | Reached skill level 4 in Axes
  1052 | D:2      | Reached XP level 4. HP: 33/35 MP: 4/4
  1136 | D:2      | Noticed Natasha
  1141 | D:2      | Killed Natasha
  1142 | D:2      | Reached XP level 5. HP: 40/41 MP: 5/5
  1273 | D:2      | Identified the +3 ring mail "Fograr" {Drain rElec rCorr
                  | Str+2}
  1274 | D:2      | Noticed Natasha
  1282 | D:2      | Killed Natasha
  1596 | D:3      | Found a shadowy altar of Dithmenos.
  1654 | D:3      | Reached skill level 5 in Axes
  1709 | D:3      | Noticed Sigmund
  1779 | D:3      | Killed Sigmund
  1780 | D:3      | Reached skill level 5 in Shields
  1780 | D:3      | Reached XP level 6. HP: 39/47 MP: 6/6
  1956 | D:3      | Noticed Robin
  1964 | D:3      | Killed Robin
  1965 | D:3      | Reached skill level 6 in Axes
  2055 | D:3      | Reached XP level 7. HP: 52/52 MP: 7/7
  2367 | D:4      | Reached skill level 7 in Axes
  2404 | D:4      | Reached XP level 8. HP: 49/58 MP: 8/8
  2591 | D:4      | Reached skill level 8 in Axes
  2594 | D:4      | Found a hazy altar of Hepliaklqana.
  2716 | D:4      | Noticed Grinder
  2734 | D:4      | Killed Grinder
  3205 | D:5      | Entered Level 5 of the Dungeon
  3220 | D:5      | Reached skill level 9 in Axes
  3461 | D:5      | Found a staircase to the Ecumenical Temple.
  3509 | Temple   | Entered the Ecumenical Temple
  3790 | Temple   | Became a worshipper of the Shining One
  3856 | D:5      | Reached XP level 9. HP: 62/65 MP: 9/9
  4084 | D:5      | Reached skill level 1 in Invocations
  4106 | D:5      | Found a shimmering blue altar of Sif Muna.
  5143 | D:6      | HP: 1/66 [gnoll/+1 spear of flaming (4)]
  5549 | D:6      | Found a snail-covered altar of Cheibriados.
  5552 | D:6      | Reached skill level 10 in Axes
  5835 | D:6      | Found a runed translucent door.
  5841 | D:6      | Found a basalt altar of Yredelemnul.
  5858 | D:6      | Reached skill level 5 in Fighting
  6198 | D:7      | Found Oxackud's Magic Scroll Shop.
  6335 | D:7      | Found Suogioxo's Antique Weapon Emporium.
  6372 | D:7      | Noticed a boulder beetle
  6412 | D:7      | Found Byuqudghu's Jewellery Boutique.
  6468 | D:7      | Found Jeenorghay's Antique Weapon Shoppe.
  6490 | D:7      | Found Miulluki's Magic Scroll Boutique.
  6504 | D:7      | Noticed Joseph
  6513 | D:7      | Killed Joseph
  6739 | D:7      | Reached * piety under the Shining One
  6825 | D:7      | Reached XP level 10. HP: 73/76 MP: 13/13
  7118 | D:8      | Found a white marble altar of Elyvilon.
  7118 | D:8      | Found Jaehaox's Mass Market.
  7118 | D:8      | Found a flagged portal.
  7122 | D:8      | Reached skill level 11 in Axes
  7143 | D:8      | Found a sand-covered staircase.
  7148 | Ossuary  | Entered an ossuary
  7190 | Ossuary  | Reached ** piety under the Shining One
  7242 | Ossuary  | Reached *** piety under the Shining One
  7387 | Bailey   | Entered a bailey
  7407 | Bailey   | Reached skill level 5 in Invocations
  7839 | Bailey   | Noticed an orc knight
  7850 | Bailey   | Slain by an orc knight

Illustrated notes

Levels and vault maps discovered:
D:1:      minmay_arrival_nine_rooms, layout_basic,
          ebering_ecumenical_altar_webs, bh_walls_and_bars
D:2:      layout_loops_ring, minmay_pentomino_p4, uniq_natasha, uniq_terence
D:3:      layout_rooms, nicolae_dithmenos_through_a_glass_darkly,
          hellmonk_no_cap, uniq_sigmund, uniq_robin
D:4:      layout_cave_pools, nicolae_overflow_crystal_walls, uniq_grinder
D:5:      layout_layer_cave, mainiacjoe_overflow_small_starburst,
          minmay_temple_entry_statues
D:6:      layout_loops_ring, mainiacjoe_overflow_surrounded_room,
          dk_yredelemnul_ordeal, minmay_a_box_with_orc_wizards_in_it
D:7:      nicolae_cairo_tiling_large, layout_rooms, serial_shops, shop,
          nicolae_shop_stone, kennysheep_mini, nicolae_square_shop,
          nicolae_lakefront_shop, hangedman_decor_slide_cut,
          lightli_corner_chamber, uniq_joseph
D:8:      lemuel_ratsnest, layout_rooms, lemuel_crystal_altar,
          nicolae_overflow_hidden_temple, enter_ossuary_2, enter_bailey_5,
          minmay_misc_feat_room, minmay_shop_mass, minivault_12
Temple:   bh_familiar_temple
Bailey:   bailey_axe_of_yendor_kennysheep, bailey

Skill      XL: |  1  2  3  4  5  6  7  8  9 10 |
---------------+-------------------------------+-----
Axes           | 3 4 5 6 7 9 10 11 | 11.5
Shields        | 5 7 |  7.0
Fighting       | 4 6 |  6.6
Invocations    | 4 5 |  5.0
Armour         | |  3.7

Action                     |  1- 3 |  4- 6 |  7- 9 | 10-12 || total
---------------------------+-------+-------+-------+-------++-------
  Melee: War axe           |    50 |   107 |   340 |   131 ||   628
 Invoke: Divine Shield     |       |       |       |     1 ||     1
    Use: Potion            |       |     1 |     1 |     1 ||     3
         Scroll            |       |       |    10 |       ||    10
 Armour: Scale mail        |    14 |    57 |    94 |       ||   165
         Chain mail        |       |       |    21 |    33 ||    54
  Dodge: Dodged            |    26 |    56 |   108 |    28 ||   218
  Block: Buckler           |    16 |       |       |       ||    16
         Kite shield       |     4 |    57 |   206 |    78 ||   345

Table legend: (Time is in decaauts)
 A = Elapsed time spent in this place.
 B = Non-inter-level travel time spent in this place.
 C = Inter-level travel time spent in this place.
 D = Time resting spent in this place.
 E = Time spent auto-exploring this place.
 F = Levels seen in this place.
 G = Mean time per level.
                   A        B        C        D        E       F      G
               +--------+--------+--------+--------+--------+-----+--------+
         Total |   7972 |   7803 |    169 |   1191 |   5018 |  11 |  724.7 |
       Dungeon |   6984 |   6841 |    143 |    892 |   4581 |   8 |  873.0 |
        Temple |    307 |    281 |     26 |    100 |    164 |   1 |  307.0 |
       Ossuary |    214 |    214 |      0 |      0 |     98 |   1 |  214.0 |
        Bailey |    465 |    465 |      0 |    199 |    175 |   1 |  465.0 |
               +--------+--------+--------+--------+--------+-----+--------+

Top non-repeatable levels by time:
     D:5: 1615 daAuts
     D:6: 1089 daAuts
     D:4: 1048 daAuts
     D:7: 925 daAuts
     D:2: 882 daAuts
     D:1: 705 daAuts
     D:3: 659 daAuts
  Bailey: 465 daAuts
  Temple: 307 daAuts
 Ossuary: 214 daAuts
     D:8: 58 daAuts
